 Dungeon Crawl Stone Soup version 0.28-a0-1447-ga5a8893891 (webtiles) character file.

Game seed: 9895623891284120669

44482 gimp the Severer (level 14, -1/96 (118) HPs)
             Began as a Hill Orc Fighter on Jan 10, 2022.
             Was a High Priest of Okawaru.
             Slain by Rupert (22 damage)
             ... on level 2 of the Orcish Mines.
             The game lasted 00:28:26 (20000 turns).

gimp the Severer (Hill Orc Fighter)                Turns: 20000, Time: 00:28:26

HP:   -1/96 (118)   AC: 23    Str: 24    XL:     14   Next: 28%
MP:   31/32         EV: 10    Int:  8    God:    Okawaru [*****.]
Gold: 936           SH: 14    Dex: 13    Spells: 13/13 levels left

rFire   . . .      SeeInvis +   a - +3 war axe (venom)
rCold   . . .      Faith    .   R - +0 kite shield {reflect}
rNeg    . . .      Spirit   .   I - +3 chain mail
rPois   .          Reflect  +   F - +0 mask of the Dragon {Will+ Slay+3 SInv}
rElec   .          Harm     .   K - +0 cloak {Will+}
rCorr   .          Rampage  .   N - +0 pair of gloves of the Beekeeper {Dex+3}
Will    ++++.                   e - +0 pair of boots
Stlth   ..........              (no amulet)
HPRegen 0.26/turn               G - ring of willpower
MPRegen 0.23/turn               O - ring of magical power

@: heroic, heavily drained
A: no striking features
a: Renounce Religion, Heroism, Finesse, Duel


You were on level 2 of the Orcish Mines.
You worshipped Okawaru.
Okawaru was extremely pleased with you.
You visited 3 branches of the dungeon, and saw 16 of its levels.
You also visited: Sewer.

You collected 1523 gold pieces.
You spent 587 gold pieces at shops.

Inventory:

Hand Weapons
 a - a +3 war axe of venom (weapon)
 b - a +1 whip of electrocution
 f - a +2 vorpal broad axe
 H - a +2 war axe of freezing
 M - the +1 war axe "Killer Klown's Bane" {vorpal, rF++ rN+ Int+3 Dex-2}
   (You bought it in a shop on level 10 of the Dungeon)

   It inflicts extra damage upon your enemies.
   Int:       It affects your intelligence (+3).
   Dex:       It affects your dexterity (-2).
   rF:        It greatly protects you from fire.
   rN:        It protects you from negative energy.
Missiles
 k - 6 javelins (quivered)
 B - 2 throwing nets
 D - 33 poisoned darts
Armour
 e - a +0 pair of boots (worn)
 F - the +0 mask of the Dragon (worn) {Will+ Slay+3 SInv}
   (Okawaru gifted it to you on level 1 of the Orcish Mines)

   Slay:      It affects your accuracy & damage with ranged weapons and melee
   (+3).
   SInv:      It lets you see invisible.
   Will:      It increases your willpower.
 I - a +3 chain mail (worn)
 K - a +0 cloak of willpower (worn)
 L - the +1 cloak of Yvavy {rCorr Int+2}
   (You found it on level 9 of the Dungeon)

   Int:       It affects your intelligence (+2).
   rCorr:     It protects you from acid and corrosion.
 N - the +0 pair of gloves of the Beekeeper (worn) {Dex+3}
   (Okawaru gifted it to you on level 12 of the Dungeon)

   Dex:       It affects your dexterity (+3).
 R - a +0 kite shield of reflection (worn)
Jewellery
 l - a ring of fire
 G - a ring of willpower (left hand)
 O - a ring of magical power (right hand)
 Q - a ring of willpower
Wands
 j - a wand of acid (6)
 y - a wand of polymorph (5)
 z - a wand of flame (39)
Scrolls
 c - 2 scrolls of enchant armour
 h - 10 scrolls of teleportation
 m - 3 scrolls of amnesia
 q - 2 scrolls of silence
 s - 2 scrolls of magic mapping
 A - a scroll of fog
 C - 2 scrolls of enchant weapon
 J - 2 scrolls of holy word
Potions
 d - 4 potions of attraction
 g - 2 potions of invisibility
 i - 5 potions of cancellation
 o - 4 potions of flight
 p - 7 potions of heal wounds
 r - 2 potions of mutation {unknown}
 t - a potion of brilliance
 u - a potion of haste {unknown}
 v - 2 potions of curing
 w - a potion of ambrosia {unknown}
 x - a potion of lignification
 E - 4 potions of might


   Skills:
 - Level 9.0(14.0) Fighting
 - Level 18.0(23.0) Axes
 + Level 13.4(18.4) Armour
 + Level 12.8(17.8) Shields
 - Level 13.0 Invocations


You had 13 spell levels left.
You didn't know any spells.
Your spell library contained the following spells:

 Spells                   Type           Power      Damage    Failure   Level
 Beastly Appendage        Tmut           0%         N/A       94%         1
 Sandblast                Erth           0%         2d4       94%         1
 Blink                    Tloc           0%         N/A       98%         2
 Corpse Rot               Necr/Air       0%         N/A       98%         2
 Passwall                 Tmut/Erth      0%         N/A       98%         2
 Poisonous Vapours        Pois/Air       0%         N/A       98%         2
 Wereblood                Tmut           0%         N/A       98%         2
 Ignite Poison            Fire/Tmut/Pois 0%         N/A       100%        3
 Lesser Beckoning         Tloc           0%         N/A       100%        3
 Mephitic Cloud           Conj/Pois/Air  0%         N/A       100%        3
 Spider Form              Tmut/Pois      0%         N/A       100%        3
 Stone Arrow              Conj/Erth      0%         3d7       100%        3
 Fireball                 Conj/Fire      0%         3d3       100%        5
 Freezing Cloud           Conj/Ice/Air   0%         6-21      100%        5
 Manifold Assault         Tloc           0%         N/A       100%        5
 Starburst                Conj/Fire      0%         6d3       100%        6
 Storm Form               Tmut/Air       0%         N/A       100%        7
 Ignition                 Fire           0%         3d3       100%        8
 Maxwell's Capacitive Co  Air            0%         ∞         100%        8
 Summon Lightning Spire   Summ/Air       Unusable   N/A       N/A         4

Dungeon Overview and Level Annotations

Branches:
Dungeon (13/15)            Temple (1/1) D:6            Lair (0/6) D:11
    Orc (2/2) D:10            Elf (0/3) Orc:2         Sewer (visited)
 Vaults: D:13-14

Altars:
Ashenzari
Cheibriados
Dithmenos
Elyvilon
Fedhas
Gozag
Hepliaklqana
Kikubaaqudgha
Makhleb
Nemelex Xobeh
Okawaru
Qazlal
Ru
Sif Muna
Trog
Uskayaw
Vehumet
Wu Jian
Xom
Yredelemnul
Zin
The Shining One
Lugonu

Shops:
D:5 [   D:9 ?   D:10 (   D:12 :   Orc:2 =*=(=:

Annotations:
Orc:2 Rupert


Message History

Rupert is nearby!
Rupert shouts!
You gain the combat prowess of a mighty hero.
Rupert roars madly and goes into a rage!
Rupert goes berserk!
You now have 30/32 mp.
Rupert hits you with a +4 triple sword of draining.
You feel drained.
You take 2 damage, and have 116/116 hp.
You hit Rupert.
Rupert is poisoned.
Rupert is lightly wounded.
Rupert hits you with a +4 triple sword of draining!!
You feel drained.
You take 22 damage, and have 94/112 hp.
You barely miss Rupert.
Rupert is lightly wounded.
You block Rupert's attack.
You slash Rupert!
Rupert looks as sick as possible!
Rupert is lightly wounded.
Rupert hits you with a +4 triple sword of draining!!
You feel drained.
You take 29 damage, and have 66/107 hp.
MASSIVE DAMAGE!!
You closely miss Rupert.
Rupert is lightly wounded.
Rupert hits you with a +4 triple sword of draining!!!
* * * LOW HITPOINT WARNING * * *
You feel drained.
* * * LOW HITPOINT WARNING * * *
You take 42 damage, and have 24/100 hp.
MASSIVE DAMAGE!!
You are too injured to fight recklessly!
Okay, then.
Okay, then.
Rupert hits you with a +4 triple sword of draining!
* * * LOW HITPOINT WARNING * * *
You feel drained.
* * * LOW HITPOINT WARNING * * *
You take 21 damage, and have 3/96 hp.
MASSIVE DAMAGE!!
You feel much better.
Rupert hits you with a +4 triple sword of draining!!
You die...

.............)...)[[)....## ##.##
...#..............[<).....###...#
)......)..)#'#......)).....##..#.
........)..'∩'....#))............
...........#'#........#..........
.......................#...######
.........................)####...
..........................# .....
................@@........#......
.................................
.................................
............#.............#......
......)..............)....##.....
....)[)..............#....####...
....................##.....######
....................#............
.............#...........#.......


You could see Rupert (berserk, extremely poisoned).

Vanquished Creatures
  Donald (Orc:1)
  An orc warlord (Orc:1)
  Snorg (D:11)
  A hydra (D:9)
  2 boulder beetles
  4 ogre magi (Orc:2)
  A centaur warrior (D:12)
  21 two-headed ogres
  A deep elf knight (Orc:1)
  2 orc knights
  Pikel (D:5)
  2 deep elf zephyrmancers (Orc:1)
  3 deep elf pyromancers
  3 orc sorcerers (Orc:1)
  A wolf spider (D:11)
  2 ugly things
  5 cyclopes
  A manticore (shapeshifter) (D:13)
  Maurice (D:10)
  A gargoyle (D:12)
  2 unseen horrors
  A freezing wraith (D:9)
  4 trolls
  Grinder (Sewer)
  A wraith (D:11)
  A wyvern (D:9)
  18 yaks
  Eustachio (D:4)
  A vampire (D:9)
  3 steam dragons
  2 wargs
  An acid dragon (D:12)
  Duvessa (D:6)
  A water moccasin (D:7)
  2 ice beasts
  2 black bears
  17 orc warriors
  3 sky beasts (D:6)
  6 necrophages
  30 ogres
  12 centaurs
  3 lemures (D:5)
  3 kobold brigands
  3 bullfrogs (D:8)
  Blork the orc (D:6)
  2 gnoll sergeants (D:10)
  4 scorpions
  A wyvern skeleton (D:6)
  Dowan (D:6)
  10 killer bees
  3 howler monkeys
  19 wights
  A centaur zombie (D:9)
  4 hounds
  A jelly (D:8)
  10 orc priests
  2 centaur skeletons (D:7)
  3 gnoll shamans
  5 iguanas
  Jessica (D:3)
  12 orc wizards
  A killer bee zombie (D:7)
  2 hound skeletons (D:5)
  A howler monkey zombie (D:10)
  7 adders
  21 gnolls
  A shadow imp (Sewer)
  A white imp (D:5)
  2 ufetubi (Sewer)
  A worm (D:2)
  2 dart slugs
  46 orcs
  4 ball pythons
  3 endoplasms
  7 giant cockroaches
  7 hobgoblins
  16 jackals
  4 quokkas
  7 bats
  3 frilled lizards
  14 goblins
  24 kobolds
  A kobold zombie (Sewer)
  5 rats
434 creatures vanquished.

Vanquished Creatures (others)
  An orc wizard (D:10)
  A withered plant (D:9)
2 creatures vanquished.

Grand Total: 436 creatures vanquished

Notes
Turn   | Place    | Note
-------+----------+-------------------------------------------
     0 | D:1      | gimp the Hill Orc Fighter began the quest for the Orb.
     0 | D:1      | Reached XP level 1. HP: 19/19 MP: 1/1
    84 | D:1      | Reached skill level 3 in Axes
    91 | D:1      | Reached XP level 2. HP: 18/27 MP: 2/2
   289 | D:1      | Reached skill level 4 in Axes
   379 | D:1      | Reached XP level 3. HP: 27/33 MP: 3/3
   955 | D:2      | Reached XP level 4. HP: 41/41 MP: 4/4
  1036 | D:2      | Reached skill level 5 in Axes
  1140 | D:2      | Found a faded altar of an unknown god.
  1442 | D:3      | Found a burning altar of Makhleb.
  1448 | D:3      | Reached XP level 5. HP: 47/47 MP: 5/5
  1460 | D:3      | Found an ancient bone altar of Kikubaaqudgha.
  1607 | D:3      | Found a radiant altar of Vehumet.
  1661 | D:3      | Noticed Jessica
  1668 | D:3      | Killed Jessica
  1669 | D:3      | Reached skill level 5 in Fighting
  1669 | D:3      | Reached skill level 6 in Axes
  1689 | D:3      | Noticed an ice beast
  1751 | D:4      | Noticed Eustachio
  1759 | D:4      | Killed Eustachio
  1760 | D:4      | Reached skill level 7 in Axes
  1760 | D:4      | Reached XP level 6. HP: 17/56 MP: 6/6
  1786 | D:4      | Found a glowing drain.
  1949 | Sewer    | Entered a sewer
  2156 | Sewer    | Found an ancient bone altar of Kikubaaqudgha.
  2411 | Sewer    | Reached skill level 8 in Axes
  2411 | Sewer    | Reached XP level 7. HP: 52/63 MP: 7/7
  2480 | Sewer    | Noticed Grinder
  2486 | Sewer    | Killed Grinder
  2487 | Sewer    | Reached skill level 9 in Axes
  2769 | D:4      | Reached XP level 8. HP: 48/73 MP: 8/8
  2996 | D:4      | Found a blossoming altar of Fedhas.
  3114 | D:4      | Reached skill level 10 in Axes
  3306 | D:5      | Entered Level 5 of the Dungeon
  3431 | D:5      | Reached skill level 11 in Axes
  3879 | D:5      | Reached skill level 12 in Axes
  3994 | D:5      | Noticed Pikel
  4025 | D:5      | Reached XP level 9. HP: 82/82 MP: 9/9
  4195 | D:5      | Found Sarasvati's Dragon-Slaying Spoils.
  4323 | D:5      | Killed Pikel
  4326 | D:5      | Reached skill level 13 in Axes
  4770 | D:6      | Noticed Blork the orc
  4777 | D:6      | Killed Blork the orc
  4867 | D:6      | Noticed a boulder beetle
  4888 | D:6      | Killed a boulder beetle
  4889 | D:6      | Reached skill level 14 in Axes
  4961 | D:6      | Reached skill level 15 in Axes
  5314 | D:6      | Reached XP level 10. HP: 65/86 MP: 10/10
  5706 | D:6      | Found a staircase to the Ecumenical Temple.
  5715 | Temple   | Entered the Ecumenical Temple
  5748 | Temple   | Became a worshipper of Warmaster Okawaru
  5981 | D:6      | Reached skill level 16 in Axes
  6189 | D:6      | Noticed Duvessa
  6189 | D:6      | Noticed Dowan
  6229 | D:6      | Killed Duvessa
  6234 | D:6      | Killed Dowan
  6346 | D:6      | Found a blossoming altar of Fedhas.
  6348 | D:6      | Found a stormy altar of Qazlal.
  6348 | D:6      | Found a hide-covered altar of Uskayaw.
  6354 | D:6      | Found a shimmering altar of Xom.
  6354 | D:6      | Found a glowing golden altar of the Shining One.
  6354 | D:6      | Found a broken altar of Ashenzari.
  6715 | D:7      | Found a hazy altar of Hepliaklqana.
  6967 | D:7      | Reached * piety under Okawaru
  7430 | D:7      | Reached skill level 17 in Axes
  7772 | D:8      | Found a sparkling altar of Nemelex Xobeh.
  7772 | D:8      | Found a shadowy altar of Dithmenos.
  7775 | D:8      | Found a glowing golden altar of the Shining One.
  7782 | D:8      | Found a snail-covered altar of Cheibriados.
  7783 | D:8      | Found a stormy altar of Qazlal.
  8518 | D:8      | Reached ** piety under Okawaru
  8802 | D:9      | Found Kower's Magic Scroll Shoppe.
  8826 | D:9      | Bought a scroll of fog for 24 gold pieces
  8826 | D:9      | Bought a scroll of enchant armour for 90 gold pieces
  8826 | D:9      | Bought a scroll of enchant weapon for 90 gold pieces
  8826 | D:9      | Bought a scroll of identify for 24 gold pieces
  8826 | D:9      | Bought a scroll of identify for 24 gold pieces
  8826 | D:9      | Bought a scroll of teleportation for 36 gold pieces
  8826 | D:9      | Bought a scroll of teleportation for 36 gold pieces
  8888 | D:9      | Found a glowing silver altar of Zin.
  8910 | D:9      | Reached skill level 5 in Armour
  8910 | D:9      | Reached skill level 5 in Shields
  8919 | D:9      | Reached skill level 1 in Invocations
  8920 | D:9      | Reached XP level 11. HP: 65/97 MP: 10/12
  8929 | D:9      | Noticed a deep elf pyromancer
  9267 | D:9      | Noticed a seven-headed hydra
  9324 | D:9      | Noticed a two-headed ogre
  9334 | D:9      | Killed a two-headed ogre
  9619 | D:9      | Killed a seven-headed hydra
 10000 | D:9      | Found a bloodstained altar of Trog.
 10056 | D:9      | Noticed a cyclops
 10066 | D:9      | Killed a cyclops
 10066 | D:9      | Reached *** piety under Okawaru
 10067 | D:9      | Reached skill level 18 in Axes
 10085 | D:9      | Found a basalt altar of Yredelemnul.
 10086 | D:9      | Identified the +1 cloak of Yvavy {rCorr Int+2}
 10478 | D:8      | Killed a deep elf pyromancer
 10539 | D:9      | Reached skill level 5 in Invocations
 10813 | D:9      | Noticed a white ugly thing
 11033 | D:9      | Found an opulent altar of Gozag.
 11201 | D:9      | Killed a white ugly thing
 11367 | D:9      | Found a sacrificial altar of Ru.
 11409 | D:10     | Entered Level 10 of the Dungeon
 11409 | D:10     | Found Bomoiph's Antique Weapon Boutique.
 11654 | D:10     | Noticed Maurice
 11665 | D:10     | Reached **** piety under Okawaru
 11680 | D:10     | Killed Maurice
 12297 | D:10     | Reached XP level 12. HP: 96/104 MP: 15/17
 12446 | D:10     | Found a staircase to the Orcish Mines.
 12504 | D:10     | Bought a warped war axe for 263 gold pieces
 12504 | D:10     | Identified the +1 war axe "Killer Klown's Bane" {vorpal,
                  | rF++ rN+ Int+3 Dex-2} (You bought it in a shop on level 10
                  | of the Dungeon)
 12816 | D:10     | Identified the +0 leather armour of Mumblety Peg {Slay+3}
 13065 | D:11     | Noticed a two-headed ogre
 13081 | D:11     | Killed a two-headed ogre
 13220 | D:11     | Noticed Snorg
 13240 | D:11     | Killed Snorg
 13240 | D:11     | Reached ***** piety under Okawaru
 13717 | D:11     | Found a staircase to the Lair.
 14043 | D:11     | Noticed a two-headed ogre
 14050 | D:11     | Killed a two-headed ogre
 14272 | D:11     | Noticed a two-headed ogre
 14277 | D:11     | Killed a two-headed ogre
 14541 | D:12     | Noticed a centaur warrior
 14549 | D:12     | Killed a centaur warrior
 14549 | D:12     | Identified the +0 pair of gloves of the Beekeeper {Dex+3}
                  | (Okawaru gifted it to you on level 12 of the Dungeon)
 14549 | D:12     | Received a gift from Okawaru
 14749 | D:12     | Noticed a boulder beetle
 14763 | D:12     | Killed a boulder beetle
 14764 | D:12     | Reached skill level 10 in Armour
 15011 | D:12     | Reached skill level 10 in Invocations
 15418 | D:12     | Found Ahalomy's Self-Improvement Boutique.
 15747 | D:12     | Noticed a two-headed ogre
 15753 | D:12     | Killed a two-headed ogre
 15754 | D:12     | Reached XP level 13. HP: 67/111 MP: 21/21
 16161 | Orc:1    | Entered Level 1 of the Orcish Mines
 16177 | D:10     | Reached skill level 10 in Shields
 16552 | Orc:2    | Entered Level 2 of the Orcish Mines
 16555 | Orc:2    | Noticed Donald
 16744 | Orc:1    | Killed Donald
 17262 | Orc:2    | Found Batis's Assorted Antiques.
 17433 | Orc:2    | Received a gift from Okawaru
 18494 | Orc:2    | Identified the +4 hunting sling of Tension {vorpal, Dex+3}
                  | (Okawaru gifted it to you on level 2 of the Orcish Mines)
 18494 | Orc:2    | Received a gift from Okawaru
 18935 | Orc:2    | Reached XP level 14. HP: 66/118 MP: 23/23
 19276 | Orc:1    | Received a gift from Okawaru
 19276 | Orc:1    | Found the +0 mask of the Dragon {Will+ Slay+3 SInv}
 19277 | Orc:1    | Noticed an orc warlord
 19293 | Orc:1    | Killed an orc warlord
 19306 | Orc:1    | Identified the +6 scimitar "Hill Orc's Foe" {vorpal, rElec
                  | rPois rN+ Int-4}
 19729 | Orc:2    | Found Poromeggio's Jewellery Shop.
 19729 | Orc:2    | Found Josaop's Jewellery Shoppe.
 19729 | Orc:2    | Found Jiniong's Weapon Shoppe.
 19729 | Orc:2    | Found Cobi Down's Book Boutique.
 19820 | Orc:2    | Found Qepnod Lomi's Jewellery Emporium.
 19837 | Orc:2    | Found a staircase to the Elven Halls.
 19990 | Orc:2    | Noticed Rupert
 19999 | Orc:2    | HP: 3/96 [Rupert (4)]
 20000 | Orc:2    | Slain by Rupert

Illustrated notes

Levels and vault maps discovered:
D:1:      minmay_arrival_doors, layout_basic
D:2:      layout_basic, shapermc_ecumenical_altar_totnotflames
D:3:      layout_rooms, mainiacjoe_overflow_alcove_1, vehumet_crystals,
          mainiacjoe_overflow_cross_hatched, hangedman_decor_peaks_small,
          minmay_goblin_kobold_house, uniq_jessica
D:4:      layout_cave_pools, lemuel_coloured_pillars_altar,
          portal_sewer_entry_f, kennysheep_generic_room_11, uniq_eustachio
D:5:      layout_gridville, nicolae_shop_dragon_depot,
          ebering_dispersal_statue_hall, uniq_pikel
D:6:      layout_basic, doesnt_xom_only_xom, lemuel_temple_firewalk_b,
          uniq_blork_the_orc, uniq_duvessa
D:7:      layout_basic, mainiacjoe_overflow_surrounded_room
D:8:      layout_basic, grunt_temple_overflow_open, interstate_on_off,
          minmay_bent
D:9:      minmay_curly_fans, layout_cave_pools, yredelemnul_altar_generic,
          zin_treasury, amcnicky_altar_gilded, mainiacjoe_overflow_swirl,
          serial_shops, shop, kennysheep_generic_room_5
D:10:     layout_cave_pools, david_orc_4, serial_gnoll_camp,
          gnoll_camp_mini_doghouse, gnoll_camp_huts_basic, gnoll_camp_mini_shop,
          gnoll_camp_mini_hut, uniq_maurice
D:11:     layout_irregular_city, lair_entry_dummy, minmay_microvault, uniq_snorg
D:12:     layout_loops_cross, nicolae_shop_self_help
D:13:     minmay_the_grid_triangle_9x9_recursive_2_mashed
          [minmay_the_grid_triangle_9x9_prize_special,
          minmay_the_grid_triangle_9x9_wacky_v,
          minmay_the_grid_triangle_9x9_corrupted_corridor,
          minmay_the_grid_triangle_9x9_sparse_checkered], layout_basic,
          uniq_azrael, uniq_josephine, uniq_kirke
Temple:   corrupted_temple
Orc:1:    layout_caves, elf_legates
Orc:2:    st_orc_ogre_mass, layout_caves, serial_shops, nicolae_lakefront_shop,
          nicolae_shop_behind_doors, uniq_donald, uniq_rupert

Skill      XL: |  1  2  3  4  5  6  7  8  9 10 11 12 13 14 |
---------------+-------------------------------------------+-----
Axes           | 3 4 5 7 8 9 12 15 17 18 | 18.0
Fighting       | 4 5 6 7 8 9 |  9.0
Shields        | 5 7 9 12 | 12.8
Armour         | 5 8 10 12 13 | 13.4
Invocations    | 1 7 10 13 | 13.0

Action                   |  1- 3 |  4- 6 |  7- 9 | 10-12 | 13-15 || total
-------------------------+-------+-------+-------+-------+-------++-------
Melee: War axe           |    72 |   166 |   213 |   601 |   296 ||  1348
       Whip              |       |       |       |     8 |       ||     8
Invok: Heroism           |       |       |       |    11 |     5 ||    16
       Finesse           |       |       |       |     1 |     3 ||     4
Evoke: Wand              |       |       |     4 |     1 |       ||     5
  Use: Potion            |       |     4 |       |     1 |     1 ||     6
       Scroll            |       |     5 |     6 |     5 |       ||    16
 Stab: Paralysed         |       |       |    17 |       |       ||    17
Armor: Scale mail        |    53 |   107 |    20 |       |       ||   180
       Plate armour      |       |       |    54 |    52 |       ||   106
       Chain mail        |       |       |       |   297 |    59 ||   356
Dodge: Dodged            |    36 |    91 |    45 |   157 |    52 ||   381
Block: Buckler           |    23 |    49 |    49 |    10 |       ||   131
       Kite shield       |       |       |       |   222 |   115 ||   337

Table legend: (Time is in decaauts)
 A = Elapsed time spent in this place.
 B = Non-inter-level travel time spent in this place.
 C = Inter-level travel time spent in this place.
 D = Time resting spent in this place.
 E = Time spent auto-exploring this place.
 F = Levels seen in this place.
 G = Mean time per level.
                   A        B        C        D        E       F      G
               +--------+--------+--------+--------+--------+-----+--------+
         Total |  19870 |  19128 |    742 |   4094 |  11597 |  17 | 1168.8 |
       Dungeon |  15454 |  14736 |    718 |   2081 |  10117 |  13 | 1188.8 |
        Temple |     46 |     34 |     12 |      0 |     24 |   1 |   46.0 |
  Orcish Mines |   3632 |   3621 |     11 |   1813 |   1133 |   2 | 1816.0 |
         Sewer |    736 |    736 |      0 |    199 |    323 |   1 |  736.0 |
               +--------+--------+--------+--------+--------+-----+--------+

Top non-repeatable levels by time:
   Orc:1: 2451 daAuts
     D:8: 2369 daAuts
    D:10: 1737 daAuts
     D:6: 1643 daAuts
     D:5: 1625 daAuts
    D:12: 1405 daAuts
    D:11: 1361 daAuts
     D:9: 1282 daAuts
     D:7: 1256 daAuts
   Orc:2: 1180 daAuts
     D:4: 846 daAuts
     D:1: 743 daAuts
   Sewer: 736 daAuts
     D:2: 621 daAuts
     D:3: 431 daAuts
